 Dungeon Crawl Stone Soup version 0.20-b1-2-gc5a9893 (webtiles) character file.

1358 tcpcsj the Chopper (level 8, -5/76 HPs)
             Began as a Gargoyle Berserker on May 21, 2017.
             Was a Priest of Trog.
             Slain by a two-headed ogre
             ... wielding a +0 giant club
              (11 damage)
             ... on level 9 of the Dungeon.
             The game lasted 00:09:25 (2934 turns).

tcpcsj the Chopper (Gargoyle Berserker)             Turns: 2934, Time: 00:09:26

Health: -5/76      AC:  9    Str: 27    XL:     8   Next: 64%
Magic:  8/8        EV: 13    Int:  9    God:    Trog [***...]
Gold:   274        SH:  0    Dex:  9    Spells: 7/7 levels left

rFire    . . .     SeeInvis .   a - +1 hand axe (flame)
rCold    . . .     Gourm    .   (no shield)
rNeg     + . .     Faith    .   w - +0 troll leather armour
rPois    ∞         Spirit   .   (no helmet)
rElec    +         Reflect  .   (no cloak)
rCorr    .         Harm     .   (no gloves)
MR       ++...                  (no boots)
Stlth    ..........             (no amulet)
Regen    1.7/turn               (no ring)
MPRegen  0.2/turn               (no ring)

@: berserking, marked, regenerating, very quick
A: negative energy resistance 1, electricity resistance, unbreathing,
petrification resistance, rot immunity, AC +5
a: Berserk, Trog's Hand, Burn Spellbooks, Renounce Religion


You were on level 9 of the Dungeon.
You worshipped Trog.
Trog was most pleased with you.
You were very hungry.

You visited 1 branch of the dungeon, and saw 6 of its levels.

You collected 274 gold pieces.

Inventory:

Hand Weapons
 a - a +1 hand axe of flaming (weapon)
 m - a +0 hand axe
 n - a +3 dagger of protection
 x - a +2 dagger of chaos
Missiles
 o - 6 tomahawks (quivered)
Armour
 f - a +1 leather armour of positive energy
 w - a +0 troll leather armour (worn)
Wands
 k - a wand of confusion (6/48)
 v - a wand of lightning (13/15)
Scrolls
 b - a scroll of remove curse
 h - 2 scrolls of identify
 l - a scroll of amnesia
Potions
 e - a potion of might {unknown}
 g - a potion of heal wounds
 i - 2 potions of haste {unknown}
 j - 2 potions of curing {unknown}
 p - a potion of degeneration {unknown}
 q - a potion of cancellation {unknown}
 s - a potion of brilliance {unknown}
 t - a potion of berserk rage {unknown}
 u - a potion of flight {unknown}
Comestibles
 c - 2 bread rations
 d - 3 meat rations
 r - a royal jelly


   Skills:
 + Level 6.0 Fighting
 + Level 6.9 Axes
 + Level 0.6 Throwing
 + Level 3.2 Armour
 + Level 3.7 Dodging
 + Level 3.6 Stealth
 + Level 0.3 Evocations


You had 7 spell levels left.
You didn't know any spells.

Dungeon Overview and Level Annotations

Branches:
Dungeon (6/15)               Lair (0/6) D:9
 Temple: D:4-7

Altars:


Innate Abilities, Weirdness & Mutations

You are resistant to torment.
Your stone body is resilient. (AC +5)
You are immune to poison.
You resist negative energy. (rN+)
You are resistant to electric shocks. (rElec)
You can survive without breathing.
You are immune to petrification.
You are immune to rotting.


Message History

You slash the two-headed ogre! You burn the two-headed ogre.
The two-headed ogre is heavily wounded.
The two-headed ogre hits you with a giant club! x2
The sky beast flickers out of sight!
Deactivating autopickup; reactivate with Ctrl-A.
Your skin crawls.
You feel resistant to hostile enchantments.
You are feeling hungry.
The two-headed ogre hits you with a giant club!
* * * LOW HITPOINT WARNING * * *
The two-headed ogre hits you with a giant club!
* * * LOW HITPOINT WARNING * * *
Your magical contamination has completely faded away.
A red film seems to cover your vision as you go berserk!
You feel yourself moving faster!
You feel mighty!
You are feeling very hungry.
A sky beast appears from thin air!
Reactivating autopickup.
The two-headed ogre hits you with a giant club!
You die...

*,,,,,,,,*,,,*............##
*,,,,,,,,***,+............##
****+***** ***............##
*,** *#######'###### *,,*
#...(# **,* ####'######**
****#.###*#####...........*
*,,,!..>..#...'.#########.*
*,,,.....YO@###.#,,,,,,,,,**
*,,,.....i### #.#>*******,+,
*,,,...$.,* #.#,*,,,,,*,**
*,,,....,,* #.#,*,*,*,*,*
*,,,...,,,* #..,*,*,*,*,*
*,,,%.,,,,* ###**,*,***,*
*,,,.,,,***** *,,,,,*,,,,,*
******,,+,,,* ***+*********
*,**,*,* *,,*****


You could see a two-headed ogre, a sky beast and a spriggan baker.

Vanquished Creatures
  Psyche (D:9)
  A troll (D:9)
  An ice beast (D:5)
  An ogre (D:5)
  2 wolves (D:9)
  A centaur (D:5)
  2 scorpions
  A centaur zombie (D:6)
  A quasit (D:9)
  An orc priest (D:5)
  A hound (D:9)
  A centaur skeleton (D:5)
  A jelly (D:5)
  2 worker ants
  A shadow imp (D:5)
  An adder zombie (D:5)
  4 dart slugs
  A leopard gecko (D:5)
  3 orcs (D:5)
  A ball python (D:2)
  4 giant cockroaches
  2 goblins (D:2)
  7 hobgoblins
  4 jackals (D:1)
  11 bats
  A frilled lizard (D:1)
  2 kobolds (D:1)
  7 rats
66 creatures vanquished.

Notes
Turn   | Place    | Note
-------+----------+-------------------------------------------
     0 | D:1      | tcpcsj the Gargoyle Berserker began the quest for the Orb.
     0 | D:1      | Reached XP level 1. HP: 14/14 MP: 1/1
    69 | D:1      | Reached XP level 2. HP: 13/19 MP: 2/2
   211 | D:1      | Reached ** piety under Trog
   384 | D:1      | Reached XP level 3. HP: 24/24 MP: 3/3
  1713 | D:3      | You fall through a shaft for 2 floors!
  1713 | D:5      | Entered Level 5 of the Dungeon
  1731 | D:5      | Reached XP level 4. HP: 29/29 MP: 4/4
  1993 | D:5      | Noticed a centaur
  1997 | D:5      | Killed a centaur
  1997 | D:5      | Reached skill level 1 in Stealth
  1997 | D:5      | Reached XP level 5. HP: 24/34 MP: 5/5
  2116 | D:5      | Reached XP level 6. HP: 25/39 MP: 6/6
  2217 | D:5      | Reached skill level 5 in Axes
  2287 | D:5      | Noticed an ice beast
  2299 | D:5      | Killed an ice beast
  2299 | D:5      | Reached skill level 5 in Fighting
  2299 | D:5      | Reached XP level 7. HP: 24/44 MP: 7/7
  2574 | D:6      | You fall through a shaft for 3 floors!
  2574 | D:9      | Noticed a troll
  2594 | D:9      | Killed a troll
  2594 | D:9      | Reached *** piety under Trog
  2677 | D:9      | Found a staircase to the Lair.
  2706 | D:9      | Reached XP level 8. HP: 26/50 MP: 8/8
  2799 | D:9      | Noticed Psyche
  2831 | D:9      | Killed Psyche
  2928 | D:9      | Noticed a two-headed ogre
  2932 | D:9      | Noticed a spriggan baker
  2934 | D:9      | Slain by a two-headed ogre

Skill      XL: |  1  2  3  4  5  6  7  8 |
---------------+-------------------------+-----
Axes           | 3 4 5 6 |  6.9
Fighting       | 4 5 6 |  6.0
Dodging        | 2 3 |  3.7
Stealth        | 1 2 3 |  3.6
Armour         | 3 |  3.2
Throwing       | |  0.6
Evocations     | |  0.3

Action                   |  1- 3 |  4- 6 |  7- 9 || total
-------------------------+-------+-------+-------++-------
Melee: Hand axe          |   129 |    50 |    76 ||   255
Throw: Tomahawk          |       |     3 |       ||     3
Invok: Berserk           |       |       |     3 ||     3
       Burn Spellbooks   |       |       |     1 ||     1
       Trog's Hand       |       |       |     1 ||     1
Evoke: Wand              |       |       |     3 ||     3
  Use: Scroll            |       |       |     5 ||     5
       Potion            |       |       |     1 ||     1
 Stab: Sleeping          |     1 |       |     1 ||     2
       Invisible         |       |       |     3 ||     3
  Eat: Fruit             |     4 |       |       ||     4
       Royal jelly       |       |     1 |       ||     1
       Chunk             |       |       |     3 ||     3
Armor: Animal skin       |    36 |       |       ||    36
       Leather armour    |    20 |    19 |     9 ||    48
       Troll leather arm |       |       |    24 ||    24
Dodge: Dodged            |   128 |    32 |    48 ||   208
